 Dungeon Crawl Stone Soup version 0.21-a0-279-g6037ffb (webtiles) character file.

86 4thArraOfDagon the Firebug (level 4, -2/39 HPs)
             Began as an Ogre Fire Elementalist on Sept 23, 2017.
             Slain by a shadow imp (5 damage)
             ... on level 5 of the Dungeon.
             The game lasted 00:04:21 (772 turns).

4thArraOfDagon the Firebug (Ogre Fire Elementalist)  Turns: 772, Time: 00:04:21

Health: -2/39      AC:  4    Str: 12    XL:     4   Next: 49%
Magic:  4/7        EV: 10    Int: 17    God:
Gold:   42         SH:  0    Dex:  9    Spells: 3/7 levels left

rFire    + . .     SeeInvis .   f - +0 war axe
rCold    + . .     Gourm    .   (no shield)
rNeg     . . .     Faith    .   a - +1 robe
rPois    +         Spirit   .   (helmet restricted)
rElec    +         Reflect  .   (no cloak)
rCorr    +         Harm     .   (gloves unavailable)
MR       .....                  (boots unavailable)
Stlth    +.........             (no amulet)
HPRegen  0.13/turn              (no ring)
MPRegen  0.10/turn              (no ring)

@: resistant
A: unfitting armour, tough skin 1
a: no special abilities


You were on level 5 of the Dungeon.
You were not hungry.

You visited 1 branch of the dungeon, and saw 5 of its levels.

You collected 42 gold pieces.

Inventory:

Hand Weapons
 f - a +0 war axe (weapon)
 h - a +0 hand axe
Armour
 a - a +1 robe (worn)
Scrolls
 d - a scroll of fog
 e - a scroll of magic mapping
 k - 3 scrolls of remove curse
Books
 b - a book of Flames

   Spells                             Type                      Level
   a - Flame Tongue                   Conjuration/Fire             1
   b - Throw Flame                    Conjuration/Fire             2
   c - Conjure Flame                  Conjuration/Fire             3
   d - Inner Flame                    Hexes/Fire                   3
   e - Sticky Flame                   Conjuration/Fire             4
   f - Fireball                       Conjuration/Fire             5
Comestibles
 c - a bread ration
 l - 2 chunks of flesh


   Skills:
 - Level 1.7 Dodging
 - Level 1.4 Stealth
 - Level 2.4 Spellcasting
 * Level 2.5 Conjurations
 * Level 3.9 Fire Magic


You had 3 spell levels left.
You knew the following spells:

 Your Spells              Type           Power        Failure   Level  Hunger
a - Flame Tongue          Conj/Fire      ##...        4%          1    #......
b - Conjure Flame         Conj/Fire      ##......     14%         3    ###....


Dungeon Overview and Level Annotations

Branches:
Dungeon (5/15)             Temple (0/1) D:4

Altars:
Yredelemnul

Annotations:
D:4 Dowan, Duvessa, Eustachio


Innate Abilities, Weirdness & Mutations

You are too large for most types of armour.
You have tough skin. (AC +1)


Message History

The shadow imp gestures at you. Pain shoots through your body!
* * * LOW HITPOINT WARNING * * *
Casting: Flame Tongue
Confirm with . or Enter, or press ? or * to list all spells.
Aiming: Flame Tongue
Press: ? - help, Shift-Dir - straight line, f/p - shadow imp
Aim: a shadow imp The flame tongue hits the shadow imp.
The shadow imp appears unharmed.
The shadow imp gestures at you. Pain shoots through your body!
* * * LOW HITPOINT WARNING * * *
It was a potion of resistance.
You feel protected. The shadow imp misses you.
Unknown command.
As you read the scroll labeled TONGOS PAZARE, it crumbles to dust.
It is a scroll of enchant armour.
Your +0 robe glows green for a moment.
The shadow imp hits you.
You die...

#...###########.#
#...#....5@.....#
#...#.###########
#..?#.#<.#
#####...#5##.#
....#...#.##[#
#.......#.##.#
#............#
#.......#.####
#o........#


You could see a shadow imp.

Vanquished Creatures
  A hound (D:4)
  A hound skeleton (D:3)
  2 adders
  A dart slug (D:2)
  2 orcs (D:5)
  2 bats
  2 goblins
  2 hobgoblins
  4 jackals
  2 quokkas
  A ball python (D:2)
  2 frilled lizards
  A kobold (D:3)
23 creatures vanquished.

Notes
Turn   | Place    | Note
-------+----------+-------------------------------------------
     0 | D:1      | 4thArraOfDagon the Ogre Fire Elementalist began the quest for the Orb.
     0 | D:1      | Reached XP level 1. HP: 16/16 MP: 3/3
   134 | D:1      | Reached skill level 1 in Conjurations
   210 | D:3      | Reached skill level 3 in Fire Magic
   210 | D:3      | Reached XP level 2. HP: 24/24 MP: 1/5
   348 | D:3      | Reached XP level 3. HP: 21/31 MP: 3/6
   540 | D:3      | Found a basalt altar of Yredelemnul.
   587 | D:4      | Learned a level 3 spell: Conjure Flame
   587 | D:4      | Noticed Eustachio
   617 | D:4      | Reached XP level 4. HP: 21/39 MP: 0/7
   659 | D:4      | Noticed Duvessa
   660 | D:4      | Noticed Dowan
   671 | D:5      | Entered Level 5 of the Dungeon
   772 | D:5      | Slain by a shadow imp

Vault maps used:
D:1:      dpeg_arrival_chase, serial_park_tiny_pond
D:2:      lemuel_coloured_pillars_altar, grunt_ministairs_11
D:3:      yredelemnul_altar_generic, chequers_ecumenical_altar_island,
          led_sif_book
D:4:      nicolae_qazlal_style_of_elements, temple_green, uniq_menkaure,
          uniq_eustachio, uniq_duvessa
D:5:      lemuel_ice_spiral_2, tso_oasis_becter, first_bread, elyvilon_altar_1,
          uniq_pikel

Skill      XL: |  1  2  3 |
---------------+----------+-----
Conjurations   | 1 2 |  2.5
Fire Magic     | 3 |  3.9
Dodging        | |  1.7
Stealth        | |  1.4
Spellcasting   | |  2.4

Action                   |  1- 3 |  4- 6 || total
-------------------------+-------+-------++-------
Melee: Hand axe          |    25 |       ||    25
       War axe           |       |    11 ||    11
 Cast: Flame Tongue      |    33 |    11 ||    44
       Conjure Flame     |     1 |       ||     1
  Use: Scroll            |     4 |     1 ||     5
       Potion            |       |     2 ||     2
Armor: Robe              |    25 |     2 ||    27
Dodge: Dodged            |    33 |    14 ||    47

Table legend:
 A = Spawn XP
 B = Non-spawn XP
 C = Spawn XP percentage of total XP
 D = Spawn monster count
 E = Non-spawn monster count
 F = Spawn count percentage of total count
 G = Total turns spent on level
                    A         B        C        D         E        F      G
               +---------+---------+-------+---------+---------+-------+---------
         Total |       0 |     123 |   0.0 |       0 |      23 |   0.0 |   772
               +---------+---------+-------+---------+---------+-------+---------
           D:1 |       0 |       1 |   0.0 |       0 |       1 |   0.0 |   137
           D:2 |       0 |      31 |   0.0 |       0 |      10 |   0.0 |   229
           D:3 |       0 |      27 |   0.0 |       0 |       6 |   0.0 |   206
           D:4 |       0 |      43 |   0.0 |       0 |       2 |   0.0 |    99
           D:5 |       0 |      21 |   0.0 |       0 |       4 |   0.0 |   101
               +---------+---------+-------+---------+---------+-------+---------
